 Dungeon Crawl Stone Soup version 0.26-a0-651-gb41185065b (webtiles) character file.

Game seed: 480979896292795696

516 kae the Ruffian (level 7, -1/52 HPs)
             Began as a Red Draconian Transmuter on Oct 26, 2020.
             Slain by an orc
             ... wielding a +0 whip
              (6 damage)
             ... on level 4 of the Dungeon.
             The game lasted 00:03:44 (4903 turns).

kae the Ruffian (Red Draconian Transmuter)          Turns: 4903, Time: 00:03:44

Health: -1/52      AC:  2    Str: 15    XL:     7   Next: 0%
Magic:  6/10       EV: 19    Int: 13    God:
Gold:   181        SH:  0    Dex: 16    Spells: 4/10 levels left

rFire    . . .     SeeInvis .     - Unarmed
rCold    + . .     Faith    .   (shield currently unavailable)
rNeg     . . .     Spirit   .   (armour unavailable)
rPois    x         Reflect  .   (helmet currently unavailable)
rElec    .         Harm     .   (cloak currently unavailable)
rCorr    .         Rampage  .   (gloves currently unavailable)
MR       .....                  (boots currently unavailable)
Stlth    +.........             (no amulet)
HPRegen  0.17/turn              a - ring of protection from cold
MPRegen  0.12/turn              (no ring)

@: spider-form (expiring)
A: tiny, (breathe fire), unfitting armour, AC +6
a: End Transformation


You were on level 4 of the Dungeon.
You were a venomous arachnid creature.
You visited 1 branch of the dungeon, and saw 5 of its levels.

You collected 181 gold pieces.

Inventory:

Armour
 g - a +0 pair of gloves (melded)
Jewellery
 a - a ring of protection from cold (left front leg)
 n - an uncursed amulet of regeneration {unknown}
Wands
 m - a wand of flame (20)
 o - a wand of acid (9)
Scrolls
 b - 4 scrolls of teleportation
 c - a scroll of identify
 j - 3 scrolls of remove curse
Potions
 d - 2 potions of stabbing
 e - 3 potions of haste
 f - a potion of might
 h - a potion of heal wounds {unknown}
 i - 2 potions of flight {unknown}
 k - a potion of curing {unknown}
 l - 2 potions of lignification {unknown}


   Skills:
 - Level 1.1 Fighting
 - Level 1.7 Dodging
 * Level 6.7 Unarmed Combat
 - Level 2.0 Spellcasting
 + Level 4.6 Transmutations


You had 4 spell levels left.
You knew the following spells:

 Your Spells              Type           Power        Failure   Level
a - Beastly Appendage     Tmut           ##....       12%         1
b - Wereblood             Tmut           ##......     17%         2
c - Spider Form           Tmut/Pois      #.........   52%         3

Your spell library contained the following spells:

 Spells                   Type           Power        Failure   Level
 Ice Form                 Ice/Tmut       #.......     86%         4
 Blade Hands              Tmut           ##........   87%         5


Dungeon Overview and Level Annotations

Branches:
Dungeon (5/15)
 Temple: D:4-7

Altars:
Gozag
Okawaru
Trog

Annotations:
D:2 Sigmund
D:3 1 runed translucent door, Crazy Yiuf


Innate Abilities, Weirdness & Mutations

((You can breathe blasts of fire.))
((Your fiery red scales are hard. (AC +6)))
You cannot fit into any form of body armour.
((Your flesh is heat resistant. (rF+)))
((You are cold-blooded and may be slowed by cold attacks.))


Message History

The iguana closely misses you.
You hit the iguana but do no damage.
The iguana looks even sicker.
The iguana is moderately wounded.
The iguana bites you!
* * * LOW HITPOINT WARNING * * *
You hit the iguana.
The iguana looks as sick as possible!
The iguana is heavily wounded.
The iguana bites you.
* * * LOW HITPOINT WARNING * * *
You bite the iguana!
You kill the iguana!
You have reached level 7!
Your scales start taking on a fiery red colour.
You learn Fire Magic much quicker.
You learn Ice Magic much slower.
You can breathe blasts of fire.
You feel resistant to heat.
You barely miss the orc.
Your transformation is almost over.
The orc hits you with a +0 whip.
You die...

#### #... #... #... #####
###. ##>..#####.
###..........
############...###.###..
##......soo...### #.###.#
#..############ #......
#.#################[.##..
##....................##..
#.....###############.....
#.###..## ##### #.....#.#
#.# ##..# #...# #........
#.#####.####.#.###........
#.......(...............##


You could see 2 orcs.

Vanquished Creatures
  An ice beast (D:4)
  A scorpion (D:2)
  2 howler monkeys
  Jessica (D:2)
  Ijyb (D:3)
  2 iguanas (D:4)
  4 gnolls
  5 adders
  An ooze (D:3)
  2 adder skeletons (D:4)
  4 worms
  4 dart slugs
  2 leopard geckos (D:3)
  5 orcs
  5 bats
  4 giant cockroaches
  3 goblins (D:1)
  12 hobgoblins
  A quokka (D:2)
  5 frilled lizards
  A jackal skeleton (D:4)
  12 kobolds
  10 rats
88 creatures vanquished.

Notes
Turn   | Place    | Note
-------+----------+-------------------------------------------
     0 | D:1      | kae the Draconian Transmuter began the quest for the Orb.
     0 | D:1      | Reached XP level 1. HP: 16/16 MP: 3/3
   261 | D:1      | Reached XP level 2. HP: 14/23 MP: 3/5
   586 | D:1      | Learned a level 2 spell: Wereblood
   880 | D:1      | Reached XP level 3. HP: 25/28 MP: 4/6
  1127 | D:2      | Reached skill level 4 in Unarmed Combat
  1149 | D:2      | Learned a level 3 spell: Spider Form
  1340 | D:2      | Found a bloodstained altar of Trog.
  1520 | D:2      | Found an iron altar of Okawaru.
  1565 | D:2      | Reached XP level 4. HP: 35/35 MP: 5/7
  1703 | D:2      | Noticed Jessica
  1710 | D:2      | Killed Jessica
  1710 | D:2      | Reached skill level 5 in Unarmed Combat
  1710 | D:2      | Reached XP level 5. HP: 25/40 MP: 4/8
  2282 | D:2      | Noticed Sigmund
  2630 | D:3      | Found an opulent altar of Gozag.
  2817 | D:3      | Noticed Ijyb
  2883 | D:3      | Killed Ijyb
  3296 | D:3      | Found a runed translucent door.
  3297 | D:3      | Noticed Crazy Yiuf
  4153 | D:4      | Reached XP level 6. HP: 31/47 MP: 6/9
  4167 | D:4      | Noticed an ice beast
  4268 | D:4      | Killed an ice beast
  4268 | D:4      | Reached skill level 6 in Unarmed Combat
  4869 | D:5      | Entered Level 5 of the Dungeon
  4902 | D:4      | Your scales start taking on a fiery red colour.
  4902 | D:4      | Reached XP level 7. HP: 5/52 MP: 6/10
  4902 | D:4      | Gained mutation: Your flesh is heat resistant. (rF+) [Red
                  | Draconian growth]
  4903 | D:4      | Slain by an orc

Illustrated notes

Levels and vault maps discovered:
D:1:      tarquinn_simple_flora_water_f, layout_basic
D:2:      layout_rooms, old_standard_altar, serial_co_window_serial,
          co_window_of_opportunity_a, co_window_paths_b, co_window_paths_b,
          co_window_paths_a, co_window_paths_a, co_window_paths_a,
          co_window_paths_a, co_window_corner_a, co_window_paths_a,
          co_window_broadway_a, co_window_corner_cb, co_window_of_opportunity_c,
          co_window_cross_3, glass_columns_a, glass_columns_c,
          okawaru_metal_pillars_1_2, uniq_sigmund, uniq_jessica
D:3:      layout_basic, grunt_gozag_statues, uniq_crazy_yiuf_cottage, uniq_ijyb
D:4:      layout_rooms
D:5:      layout_layer_cave, uniq_edmund, uniq_pikel

Skill      XL: |  1  2  3  4  5  6 |
---------------+-------------------+-----
Unarmed Combat | 4 5 6 |  6.7
Transmutations | 3 4 |  4.6
Fighting       | |  1.1
Dodging        | |  1.7
Spellcasting   | |  2.0

Action                   |  1- 3 |  4- 6 |  7- 9 || total
-------------------------+-------+-------+-------++-------
Melee: Unarmed           |    88 |   181 |     1 ||   270
       Tailslap          |     8 |    10 |       ||    18
       Kick              |    17 |    17 |       ||    34
       Headbutt          |     8 |    11 |       ||    19
       Punch             |     3 |     1 |       ||     4
 Cast: Beastly Appendage |    20 |    19 |       ||    39
       Spider Form       |       |     9 |       ||     9
  Use: Scroll            |     3 |     4 |       ||     7
 Stab: Sleeping          |       |     1 |       ||     1
Armor: Skin              |    34 |    31 |       ||    65
Dodge: Dodged            |    67 |   120 |       ||   187

Table legend: (Time is in decaauts)
 A = Elapsed time spent in this place.
 B = Non-inter-level travel time spent in this place.
 C = Inter-level travel time spent in this place.
 D = Time resting spent in this place.
 E = Time spent auto-exploring this place.
 F = Levels seen in this place.
 G = Mean time per level.
                   A        B        C        D        E       F      G
               +--------+--------+--------+--------+--------+-----+--------+
         Total |   4878 |   4667 |    211 |    489 |   3414 |   5 |  975.6 |
       Dungeon |   4878 |   4667 |    211 |    489 |   3414 |   5 |  975.6 |
               +--------+--------+--------+--------+--------+-----+--------+

Top non-repeatable levels by time:
     D:2: 1834 daAuts
     D:1: 1112 daAuts
     D:3: 1080 daAuts
     D:4: 835 daAuts
     D:5: 16 daAuts
